 Dungeon Crawl Stone Soup version 0.27-a0-1200-g94dc6ad (webtiles) character file.

Game seed: 2459765162629106383

26 Dysjunc the Fighter (level 3, 0/38 HPs)
             Began as a Gnoll Wanderer on May 30, 2021.
             Succumbed to an adder's poison
             ... on level 2 of the Dungeon.
             The game lasted 00:02:31 (784 turns).

Dysjunc the Fighter (Gnoll Wanderer)                 Turns: 784, Time: 00:02:31

Health: 0/38       AC:  2    Str: 11    XL:     3   Next: 8%
Magic:  3/3        EV: 11    Int: 10    God:
Gold:   41         SH:  0    Dex: 13    Spells: 3/3 levels left

rFire    . . .     SeeInvis .   f - staff of conjuration
rCold    . . .     Faith    .   (no shield)
rNeg     . . .     Spirit   .   d - +0 robe
rPois    .         Reflect  .   (no helmet)
rElec    .         Harm     .   (no cloak)
rCorr    .         Rampage  .   (no gloves)
Will     .....                  (no boots)
Stlth    +++.......             (no amulet)
HPRegen  0.12/turn              (no ring)
MPRegen  0.08/turn              (no ring)

@: lethally poisoned (0 -> -7)
A: fangs 1, strong nose, distributed training
a: no special abilities


You were on level 2 of the Dungeon.
You visited 1 branch of the dungeon, and saw 2 of its levels.

You collected 41 gold pieces.

Inventory:

Hand Weapons
 a - a +2 quarterstaff
 e - a +0 dagger
Armour
 d - a +0 robe (worn)
Magical Staves
 f - a staff of conjuration (weapon)
Scrolls
 c - a scroll of teleportation
Potions
 b - 3 potions of curing
 g - 2 potions of mutation {unknown}


   Skills:
 + Level 8.5 Fighting
 + Level 0.6 Short Blades
 + Level 2.5 Long Blades
 + Level 0.6 Axes
 + Level 0.6 Maces & Flails
 + Level 0.6 Polearms
 + Level 4.5 Staves
 + Level 0.6 Slings
 + Level 0.6 Bows
 + Level 0.6 Crossbows
 + Level 0.6 Throwing
 + Level 0.6 Armour
 + Level 0.6 Dodging
 + Level 4.1 Stealth
 + Level 2.5 Shields
 + Level 0.6 Unarmed Combat
 + Level 0.6 Spellcasting
 + Level 0.4 Conjurations
 + Level 0.4 Hexes
 + Level 0.4 Summonings
 + Level 0.4 Necromancy
 + Level 0.4 Translocations
 + Level 0.4 Transmutations
 + Level 0.4 Fire Magic
 + Level 0.4 Ice Magic
 + Level 0.4 Air Magic
 + Level 0.4 Earth Magic
 + Level 0.4 Poison Magic
 + Level 0.8 Invocations
 + Level 0.6 Evocations


You had 3 spell levels left.
You didn't know any spells.
Your spell library was empty.

Dungeon Overview and Level Annotations

Branches:
Dungeon (2/15)

Altars:


Innate Abilities, Weirdness & Mutations

You have very sharp teeth.
Your uncanny sense of smell can sniff out nearby items.
Your experience applies equally to all skills.


Message History

You are too injured to fight recklessly!
You are too injured to fight recklessly!
You are too injured to fight recklessly!
You are too injured to fight recklessly!
You are too injured to fight recklessly!
You are too injured to fight recklessly!
You are too injured to fight recklessly!
You are too injured to fight recklessly!
You are too injured to fight recklessly!
You are too injured to fight recklessly!
You are too injured to fight recklessly!
You are too injured to fight recklessly!
There are monsters nearby!
You hit the adder but do no damage.
The adder is lightly wounded.
You feel sick. The bat hits you but does no damage. The adder misses you.
The bat hits you. The adder closely misses you. The adder barely misses you.
You miss the adder.
The adder is lightly wounded.
You feel sick. The bat hits you but does no damage.
The adder barely misses you. The bat closely misses you.
The adder barely misses you. x2
You hit the adder.
The adder is heavily wounded.
You feel sick. The bat misses you. The adder bites you.
You are more poisoned.
The adder poisons you! The adder bites you.
You hit the adder.
The adder is almost dead.
You feel sick. The bat barely misses you. The adder bites you.
You are lethally poisoned!
The adder poisons you! The adder bites you.
* * * LOW HITPOINT WARNING * * *
* * * LOW HITPOINT WARNING * * *
You feel very sick. The bat hits you but does no damage. The adder misses you.
* * * LOW HITPOINT WARNING * * *
You feel sick. The bat barely misses you. The adder bites you.
* * * LOW HITPOINT WARNING * * *
You die...

#.....# ##..........≈≈...
......# #.....(....≈≈.....
#.....# ##...#.....≈....≈≈.
.....#..........#..≈..≈≈..≈
.......##......?#...≈≈....≈
.#.#..........#........⌠≈≈.
...#.####.#...#.......≈≈⌠..
#..# . #.......b..≈....≈
..# #...#..@.SS.≈..≈≈. ....
#..#.#........≈≈... ...#.
∆..................≈ ...#
.. ......#.........≈≈ ....
< .........###≈≈≈≈≈≈ ..##.
.......... #≈≈≈≈#
.......... #####
.....##....


You could see 2 adders and a bat.

Vanquished Creatures
  A dart slug (D:1)
  An orc (D:2)
  3 bats
  An endoplasm (D:1)
  3 giant cockroaches
  2 goblins (D:1)
  3 hobgoblins
  3 quokkas
  A kobold (D:1)
  2 rats
20 creatures vanquished.

Notes
Turn   | Place    | Note
-------+----------+-------------------------------------------
     0 | D:1      | Dysjunc the Gnoll Wanderer began the quest for the Orb.
     0 | D:1      | Dysjunc set off with the following items: a +2
                  | quarterstaff, a potion of curing, a scroll of
                  | teleportation, a +0 robe, a +0 dagger
     0 | D:1      | Reached XP level 1. HP: 26/26 MP: 1/1
   272 | D:1      | Reached XP level 2. HP: 33/33 MP: 2/2
   635 | D:2      | Reached XP level 3. HP: 28/38 MP: 3/3
   784 | D:2      | Succumbed to an adder's poison

Illustrated notes

Levels and vault maps discovered:
D:1:      sevenhm_arrival_forest_fort_large_4, layout_loops_ring,
          shapermc_ecumenical_altar_venn
D:2:      cheibrodos_helix_gallery, layout_rooms, st_stairs_9

Action                   || total
-------------------------++-------
Melee: Quarterstaff      ||    39
       Bite              ||     4
       Staff             ||    25
 Stab: Sleeping          ||     4
Armor: Robe              ||    25
Dodge: Dodged            ||    61

Table legend: (Time is in decaauts)
 A = Elapsed time spent in this place.
 B = Non-inter-level travel time spent in this place.
 C = Inter-level travel time spent in this place.
 D = Time resting spent in this place.
 E = Time spent auto-exploring this place.
 F = Levels seen in this place.
 G = Mean time per level.
                   A        B        C        D        E       F      G
               +--------+--------+--------+--------+--------+-----+--------+
         Total |    785 |    785 |      0 |    232 |    375 |   2 |  392.5 |
       Dungeon |    785 |    785 |      0 |    232 |    375 |   2 |  392.5 |
               +--------+--------+--------+--------+--------+-----+--------+

Top non-repeatable levels by time:
     D:2: 435 daAuts
     D:1: 349 daAuts
